 Dungeon Crawl Stone Soup version 0.19-a0-526-gbe2e51c (webtiles) character file.

1068 Kidiri the Magician (level 8, -1/43 HPs)
             Began as a Deep Elf Fire Elementalist on June 7, 2016.
             Slain by an orc wizard
             ... wielding a +1 dagger of electrocution
              (3 damage)
             ... on level 3 of the Dungeon.
             The game lasted 00:21:11 (4566 turns).

Kidiri the Magician (Deep Elf Fire Elementalist)    Turns: 4566, Time: 00:21:11

Health: -1/43      AC:  3    Str:  5    XL:     8   Next: 7%
Magic:  26/29      EV: 13    Int: 23    God:
Gold:   166        SH:  2    Dex: 15    Spells: 6 memorised, 2 levels left

rFire  . . .     SeeInvis +     i - +1 whip (flame)
rCold  + . .     Gourm    .     w - +1 robe {rC+}
rNeg   . . .     Faith    .     (no shield)
rPois  .         Spirit   .     (no helmet)
rElec  .         Dismiss  .     (no cloak)
rCorr  .         Reflect  +     (no gloves)
SustAt .         Harm     .     (no boots)
MR     .....                    s - +2 amulet of reflection
Stlth  ++........               p - ring of see invisible
                                k - ring of magical power

@: not resistant to hostile enchantments, unstealthy
A: no striking features
a: no special abilities


You were on level 3 of the Dungeon.
You were not hungry.

You visited 1 branch of the dungeon, and saw 4 of its levels.

You collected 166 gold pieces.

Inventory:

Hand Weapons
 i - a +1 whip of flaming (weapon)
Armour
 a - a +0 robe
 w - a +1 robe of cold resistance (worn)
Jewellery
 k - a ring of magical power (left hand)
 p - a ring of see invisible (right hand)
 s - a +2 amulet of reflection (around neck)
Wands
 e - a wand of random effects (32/48)
 f - a wand of slowing (38/48)
 t - a wand of acid (14/15)
 v - a wand of digging (4/24)
Scrolls
 h - a scroll of remove curse
 l - 5 scrolls of teleportation
 n - 3 scrolls of amnesia
Potions
 d - 2 potions of might
 j - a potion of curing
 m - a potion of lignification
 r - a potion of haste {unknown}
Books
 b - a book of Flames

   Spells                             Type                      Level
   a - Flame Tongue                   Conjuration/Fire             1
   b - Throw Flame                    Conjuration/Fire             2
   c - Conjure Flame                  Conjuration/Fire             3
   d - Inner Flame                    Hexes/Fire                   3
   e - Sticky Flame                   Conjuration/Fire             4
   f - Fireball                       Conjuration/Fire             5
Comestibles
 c - 6 bread rations
 g - 2 beef jerkies
 o - 7 fruits


   Skills:
 + Level 1.3 Fighting
 + Level 1.3 Maces & Flails
 + Level 1.3 Armour
 + Level 3.1 Dodging
 - Level 2.4 Stealth
 * Level 6.7 Spellcasting
 * Level 5.5 Conjurations
 * Level 6.0 Fire Magic
 + Level 1.5 Evocations


You had 2 spell levels left.
You knew the following spells:

 Your Spells              Type           Power        Failure   Level  Hunger
a - Flame Tongue          Conj/Fire      ####.        1%          1    None
b - Throw Flame           Conj/Fire      ####..       1%          2    None
c - Conjure Flame         Conj/Fire      ####....     1%          3    None
d - Inner Flame           Hex/Fire       ###.....     10%         3    None
e - Sticky Flame          Conj/Fire      ####....     10%         4    ###....
f - Fireball              Conj/Fire      ####......   21%         5    #####..


Dungeon Overview and Level Annotations

Branches:
Dungeon (4/15)
 Temple: D:4-7

Altars:
Cheibriados
Makhleb
Okawaru


Message History

You are electrocuted!
Casting: Flame Tongue
Confirm with . or Enter, or press ? or * to list all spells.
Aiming: Flame Tongue
Press: ? - help, Shift-Dir - straight line, f - orc wizard
Aim: an orc wizard, wielding a dagger of electrocution and wearing a robe The flame tongue hits the orc wizard.
The orc wizard is severely wounded.
The orc wizard hits you with a dagger of electrocution.
You are electrocuted!
* * * LOW HITPOINT WARNING * * *
Casting: Flame Tongue
Confirm with . or Enter, or press ? or * to list all spells.
Aiming: Flame Tongue
Press: ? - help, Shift-Dir - straight line, f/p - orc wizard
Aim: an orc wizard, wielding a dagger of electrocution and wearing a robe (severely wounded)
The flame tongue hits the orc wizard.
The orc wizard is almost dead.
The orc wizard hits you with a dagger of electrocution.
You die...

####.)######......##..####
##.##≈ .#
#)))(..##...........###
#...#≈ .#
#.####..#.......###...#
#...## .# #)# ##.#......##
###.###..... .###.#
#........######.........
.....#
##.......#......########
>#..## #.......<.####.##
.#..# ##>.....)### #..#
.#.### ##..##.)@o### ##.#
.....####)...[..#...# #.#
#..#.#..........###.# #.#
##.#....##..##.## #)# #.#
#.....##...##.#
#.#####.#######
#........#....#
#..)..........#
##......####%###
########.####.# ....##..#
#.# #.# #.# ##.###..# #.#
#.####.#


You could see an orc wizard.

Vanquished Creatures
  Grinder (D:3)
  Sigmund (D:3)
  An ogre (D:3)
  A gnoll shaman (D:3)
  An orc wizard (D:4)
  Ijyb (D:3)
  8 adders
  39 gnolls (D:3)
  2 worms (D:3)
  2 dart slugs
  7 giant geckos
  2 orcs
  A ball python (D:1)
  3 giant cockroaches
  3 goblins
  9 hobgoblins
  18 jackals
  9 kobolds
  2 quokkas (D:3)
  8 bats
  4 giant newts (D:1)
  8 rats
131 creatures vanquished.

Notes
Turn   | Place    | Note
--------------------------------------------------------------
     0 | D:1      | Kidiri the Deep Elf Fire Elementalist began the quest for the Orb.
     0 | D:1      | Reached XP level 1. HP: 10/10 MP: 6/6
   370 | D:1      | Reached XP level 2. HP: 15/15 MP: 8/8
   374 | D:1      | Learned a level 2 spell: Throw Flame
   960 | D:1      | Reached XP level 3. HP: 17/19 MP: 6/10
   972 | D:1      | Learned a level 3 spell: Conjure Flame
   976 | D:1      | Learned a level 3 spell: Inner Flame
  1367 | D:2      | Found a burning altar of Makhleb.
  1402 | D:2      | Reached XP level 4. HP: 24/24 MP: 12/12
  1419 | D:2      | Found a snail-covered altar of Cheibriados.
  1950 | D:3      | Reached XP level 5. HP: 28/28 MP: 8/14
  1956 | D:3      | Learned a level 4 spell: Sticky Flame
  2092 | D:3      | Reached skill level 5 in Spellcasting
  2192 | D:3      | Found an iron altar of Okawaru.
  2839 | D:3      | Noticed Grinder
  2850 | D:3      | Paralysed by Grinder for 2 turns
  2852 | D:3      | Killed Grinder
  2852 | D:3      | Reached skill level 5 in Fire Magic
  2852 | D:3      | Reached XP level 6. HP: 32/32 MP: 11/16
  3005 | D:3      | Noticed Ijyb
  3012 | D:3      | Killed Ijyb
  3230 | D:3      | Noticed Sigmund
  3233 | D:3      | Reached XP level 7. HP: 37/37 MP: 15/18
  3278 | D:3      | Killed Sigmund
  3278 | D:3      | Reached skill level 5 in Conjurations
  3278 | D:3      | Reached skill level 1 in Evocations
  3282 | D:3      | Reached skill level 1 in Fighting
  3328 | D:3      | Learned a level 5 spell: Fireball
  3330 | D:3      | Reached skill level 1 in Maces & Flails
  3450 | D:3      | Reached skill level 1 in Armour
  3618 | D:3      | HP: 2/57 [gnoll/halberd (2)]
  3965 | D:3      | Reached XP level 8. HP: 38/43 MP: 20/20
  4565 | D:3      | HP: 2/43 [orc wizard/dagger of electrocution (18)]
  4566 | D:3      | Slain by an orc wizard

Vault maps used:
D:1:      minmay_arrival_cross
D:2:      lightli_temple_of_fire, lemuel_doored_altar
D:3:      lemuel_castle_with_subvaults, nicolae_overflow_crystal_walls,
          first_bread, minivault_4, kennysheep_generic_room_3, uniq_iyjb,
          uniq_grinder, uniq_sigmund
D:4:      minmay_goblin_kobold_castle, gammafunk_temple_overflow_statue,
          uniq_blork_the_orc, uniq_eustachio, uniq_duvessa

Skill      XL: |  1  2  3  4  5  6  7 |
---------------+----------------------+-----
Conjurations   | 2 3 4 5 |  5.5
Spellcasting   | 4 5 6 |  6.7
Fire Magic     | 4 5 6 |  6.0
Evocations     | 1 |  1.5
Fighting       | 1 |  1.3
Maces & Flails | 1 |  1.3
Armour         | 1 |  1.3
Dodging        | 3 |  3.1
Stealth        | |  2.4

Action                   |  1- 3 |  4- 6 |  7- 9 || total
-------------------------+-------+-------+-------++-------
Melee: Whip              |     4 |     6 |     4 ||    14
 Cast: Flame Tongue      |    35 |   104 |    60 ||   199
       Throw Flame       |    22 |    27 |    20 ||    69
       Conjure Flame     |       |     2 |     2 ||     4
       Inner Flame       |       |     1 |     2 ||     3
       Sticky Flame      |       |       |     4 ||     4
  Use: Scroll            |     7 |     4 |     2 ||    13
       Potion            |       |       |     3 ||     3
 Stab: Sleeping          |     1 |     1 |       ||     2
  Eat: Chunk             |     2 |     6 |     5 ||    13
Armor: Robe              |     3 |     2 |     2 ||     7
       Skin              |       |       |    18 ||    18
Dodge: Dodged            |    20 |    20 |    22 ||    62
Block: Other             |       |     3 |     4 ||     7
       Reflection        |       |       |     2 ||     2
